Cogmind - Beta 11.1 @@@ ROGUE MODE // 2022.05.30 @ 21:42:23 Player: btmk16 Result: Destroyed by as-52429 with Assembled Rifle Performance ------------- Evolutions (0) 0 Regions Visited (2) 400 Robots Destroyed (19) 95 Value Destroyed (375) 375 Prototype IDs (0) 0 Alien Tech Used (0) 0 Bonus (0) 0 TOTAL SCORE: 870 Bonus ------- None Cogmind --------- Core Integrity 0/250 Matter 184/300 Energy 12/250 System Corruption 0% Temperature Cool (0) Movement Rolling (135) Ox3 Location -10/Mines Parts ------- > --- POWER (1) -------- Ion Engine > --- PROPULSION (2) --- Armored Wheel Armored Wheel > --- UTILITY (2) ------ Huge Storage Unit > --- WEAPON (2) ------- (None) > --- INVENTORY (25) --- Armored Wheel Heat Sink Improved Heat Sink High-capacity Matter Pod (200) High-capacity Matter Pod (164) Transport Network Coupler Advanced Targeting Computer Light Assault Rifle Light Assault Rifle Light Assault Rifle Grenade Launcher Grenade Launcher Grenade Launcher Grenade Launcher Grenade Launcher Grenade Launcher Improved Datajack Peak State ------------ > --- POWER ------------ Light Nuclear Core > --- PROPULSION ------- Improved Treads Improved Treads > --- UTILITY ---------- Huge Storage Unit ECM Suite > --- WEAPON ----------- Light Assault Rifle Grenade Launcher > --- INVENTORY -------- Ion Engine Improved Treads Armored Wheel Armored Wheel Armored Wheel Armored Wheel Heat Sink Improved Heat Sink High-capacity Matter Pod High-capacity Matter Pod Transport Network Coupler Advanced Targeting Computer Light Assault Rifle Light Assault Rifle Light Assault Rifle Grenade Launcher Grenade Launcher Grenade Launcher Grenade Launcher Grenade Launcher Grenade Launcher Grenade Launcher Grenade Launcher Grenade Launcher Improved Datajack [Rating: 14] Favorites ----------- Power Light Ion Engine Engine Light Ion Engine Power Core Light Nuclear Core Propulsion Improved Treads Treads Improved Treads Leg Aluminum Leg Wheel Armored Wheel Utility ECM Suite Device ECM Suite Storage Huge Storage Unit Weapon Light Assault Rifle Energy Gun Small Laser Ballistic Gun Light Assault Rifle Launcher Grenade Launcher Build | -11 -10 -10 ------- Run | Scr Mat Min Slots Evolved . | . . . Power . | . . . Propulsion . | . . . Utility . | . . . Weapon . | . . . Parts Attached 25 | . 13 12 Power 4 | . 2 2 Engine 3 | . 2 1 Core 1 | . . 1 Reactor . | . . . Propulsion 9 | . 5 4 Treads 6 | . 5 1 Leg . | . . . Wheel 3 | . . 3 Hover . | . . . Flight . | . . . Utility 2 | . 2 . Device 1 | . 1 . Storage 1 | . 1 . Processor . | . . . Hackware . | . . . Protection . | . . . Artifact . | . . . Weapon 10 | . 4 6 Energy Gun 1 | . 1 . Energy Cannon . | . . . Ballistic Gun 3 | . 2 1 Ballistic Cannon . | . . . Launcher 6 | . 1 5 Special Weapon . | . . . Impact Weapon . | . . . Slashing Weapon . | . . . Piercing Weapon . | . . . Special Melee Weapon . | . . . Unidentified Prototypes . | . . . Parts Lost 15 | . 4 11 Power 2 | . 1 1 Propulsion 5 | . 1 4 Utility 1 | . . 1 Weapon 7 | . 2 5 Highest Loss Streak 11 | . 2 11 To Critical Strikes . | . . . Average Slot Usage (%) 98 | . 98 99 Engine 13 | . 13 11 Treads 26 | . 26 27 Leg 1 | . 1 . Device 13 | . 13 14 Storage 14 | . 14 14 Energy Gun 3 | . 4 . Ballistic Gun 20 | . 23 13 Launcher 4 | . . 14 Naked Turns . | . . . Heaviest Build 91 | 11 90 91 Greatest Support 46 | 20 46 46 Greatest Overweight (x) 7 | . 1 7 Average Overweight (x) . | . . 1 Largest Inventory Capacity 25 | . 25 25 Average Capacity 22 | . 21 25 Most Carried 25 | . 25 25 Average Carried 19 | . 17 24 Final Capacity 25 | 8 25 25 Final Carried 25 | 6 25 17 Class Distribution -------------------- 100% | Mutant Dominant Class ---------------- Mutant | -10/Materials Mutant | -10/Mines Resources | -11 -10 -10 ----------- Run | Scr Mat Min Matter Collected 840 | 200 451 189 Remotely . | . . . Salvage Created 425 | . 332 93 Parts 37 | . 21 16 Haulers Intercepted 1 | . 1 . Recyclers Shooed 2 | . 1 1 Parts Field Recycled . | . . . Retrieved Matter . | . . . Parts Self-Destructed . | . . . Prevented . | . . . Kills | -11 -10 -10 ------- Run | Scr Mat Min Combat Hostiles Destroyed 16 | . 8 8 Guns 8 | . 8 . AOE 8 | . . 8 Classes Destroyed 5 | . 4 1 Worker 1 | . 1 . Builder 1 | . . 1 Hauler 1 | . 1 . Swarmer 9 | . 3 6 Grunt 7 | . 5 2 Best Kill Streak 3 | . 3 3 Combat Bots Only 3 | . 3 3 Max Kills in Single Turn 2 | . 2 2 Gunslinging 1 | . 1 . Exploded 2 | . . 2 Melee . | . . . Uniques/NPCs Destroyed . | . . . Combat | -11 -10 -10 -------- Run | Scr Mat Min Damage Taken 1822 | . 669 1153 Core 264 | . 62 202 Absorbed by Shields . | . . . Core Remaining (%) 100 | 100 . . Volleys Fired 61 | . 52 9 Largest 2 | . 2 2 Hottest 60 | . 60 60 Shots Fired 116 | . 98 18 Gun 103 | . 97 6 Cannon . | . . . Launcher 13 | . 1 12 Special . | . . . Kinetic 73 | . 67 6 Thermal 30 | . 30 . Explosive 13 | . 1 12 Electromagnetic . | . . . Robot Hit Streak 8 | . 8 7 Robot Miss Streak 3 | . 3 2 Penetration Max . | . . . Secondary Targets 1 | . 1 . Max Gunslinging Chain 1 | . 1 . Shots Hit Robots 80 | . 68 12 Core Hits 41 | . 21 20 Critical Kills . | . . . Critical Parts Destroyed 1 | . 1 . Critical Strikes 1 | . 1 . Destroy 1 | . 1 . Melee Attacks . | . . . Impact . | . . . Slashing . | . . . Piercing . | . . . Sneak Attacks . | . . . Combat Hostiles . | . . . Follow-up Attacks . | . . . Damage Inflicted 1254 | . 727 527 Guns 683 | . 661 22 Cannons . | . . . Explosions 484 | . . 484 Melee . | . . . Ramming 87 | . 66 21 Kinetic 462 | . 440 22 Thermal 221 | . 221 . Explosive 484 | . . 484 Electromagnetic . | . . . Impact . | . . . Slashing . | . . . Piercing . | . . . Highest Corruption . | . . . Average Corruption . | . . . Corruption Purged . | . . . Corruption Blocked . | . . . Overload Shots . | . . . Overflow Damage 10 | . . 10 Projectiles . | . . . Explosions 10 | . . 10 Melee . | . . . Knockbacks 1 | . 1 . Impact 1 | . 1 . Kinetic . | . . . Secondary . | . . . Self-Inflicted Damage 102 | . . 102 Shots 5 | . . 5 Rammed 10 | . 7 3 Targets Rammed 12 | . 8 4 Kicked . | . . . Crushed 2 | . 1 1 Highest Temperature 81 | . 81 10 Average Temperature 28 | . 31 6 Received Heat Transfer 339 | . 339 . Siege Activations . | . . . Robots Corrupted . | . . . Combat Hostiles . | . . . Parts Fried . | . . . Impact Corruptions . | . . . Robots Melted . | . . . Combat Hostiles . | . . . Parts Melted 1 | . 1 . Heat Transferred 500 | . 500 . Parts Sabotaged . | . . . Parts Stolen . | . . . Parts Stripped . | . . . Power Chain Reactions . | . . . Missiles Intercepted . | . . . Alert | -11 -10 -10 ------- Run | Scr Mat Min Peak Influence 307 | . 307 174 Initial . | . . . Average 72 | . 80 56 Maximum Alert Level 1 | . 1 . Low Security (%) 97 | . 96 100 Level 1 2 | . 3 . Level 2 . | . . . Level 3 . | . . . Level 4 . | . . . Level 5 . | . . . High Security . | . . . Max Security . | . . . Squads Dispatched 3 | . 2 1 Investigation 2 | . 1 1 Extermination . | . . . Reinforcement 1 | . 1 . Assault . | . . . Garrison . | . . . Intercept . | . . . Searches Triggered . | . . . Construction Impeded . | . . . Haulers Reinforced . | . . . Active Scanning Responses . | . . . Cargo Convoy Interrupts . | . . . Stealth | -11 -10 -10 --------- Run | Scr Mat Min Distress Signals 2 | . 2 . Communications Jammed . | . . . Distress Signals . | . . . Times Spotted 38 | . 25 13 Peak Tracking Total 4 | . 4 4 Tactical Retreats 6 | . 5 1 Traps | -11 -10 -10 ------- Run | Scr Mat Min Traps Triggered 1 | . 1 . Indirectly . | . . . Trap Hack Attempts . | . . . Triggered . | . . . Disarmed . | . . . Reprogrammed . | . . . Reused . | . . . Traps Extracted . | . . . Installed . | . . . Triggered . | . . . Machines | -11 -10 -10 ---------- Run | Scr Mat Min Machines Disabled . | . . . Max in Single Turn . | . . . Machines Sabotaged . | . . . Garrisons Compromised . | . . . Overloaded Fab Kills . | . . . Hacking | -11 -10 -10 --------- Run | Scr Mat Min Machines Accessed 7 | . 6 1 Terminals 6 | . 6 . Fabricators . | . . . Repair Stations . | . . . Recycling Units . | . . . Scanalyzers . | . . . Garrison Access . | . . . Total Hacks 17 | . 16 1 Successful 11 | . 10 1 Failed 6 | . 6 . Catastrophic 1 | . 1 . Database Lockouts . | . . . Manual 7 | . 7 . Terminals 16 | . 16 . Fabricators . | . . . Repair Stations . | . . . Recycling Units . | . . . Scanalyzers . | . . . Garrison Access . | . . . Terminal Hacks 10 | . 9 1 Robot Analysis 1 | . 1 . Open Door 1 | . . 1 Alert Level 2 | . 2 . Transport Status 1 | . 1 . Recall Investigation 2 | . 2 . Hauler Manifests 1 | . 1 . Registered Components 1 | . 1 . Zone Layout 1 | . 1 . Fabricator Hacks . | . . . Repair Station Hacks . | . . . Recycling Unit Hacks . | . . . Scanalyzer . | . . . Garrison Access Hacks . | . . . Unauthorized Hacks 1 | . 1 . Terminals 1 | . 1 . Botnet 1 | . 1 . Fabricators . | . . . Repair Stations . | . . . Recycling Units . | . . . Scanalyzers . | . . . Garrison Access . | . . . Data Cores Recovered . | . . . Used . | . . . Hacking Detections 3 | . 3 . Full Trace Events 1 | . 1 . Feedback Events . | . . . Feedback Blocked . | . . . Robot Schematics Acquired . | . . . Robots Built . | . . . Authchips . | . . . Time . | . . . Total Robot Build Rating . | . . . Part Schematics Acquired . | . . . Parts Built . | . . . Authchips . | . . . Time . | . . . Total Part Build Rating . | . . . Parts Repaired . | . . . Time . | . . . Parts Recycled . | . . . Recycled Matter . | . . . Retrieved Matter . | . . . Retrieved Components . | . . . Parts Scanalyzed . | . . . Part Schematics Acquired . | . . . Parts Damaged . | . . . Bothacking | -11 -10 -10 ------------ Run | Scr Mat Min Used RIF Installer . | . . . Robots Hacked . | . . . Non-combat . | . . . Combat . | . . . Robot Hacks Applied . | . . . Relay Couplers Released . | . . . Fabnet Peak Effective % . | . . . Robots Rewired . | . . . Allies Hacked . | . . . Hacks Repelled . | . . . Allies | -11 -10 -10 -------- Run | Scr Mat Min Total Allies . | . . . Largest Group . | . . . Highest-Rated Group . | . . . Highest-Rated Ally . | . . . Total Orders . | . . . Ally Attacks . | . . . Total Damage . | . . . Kills . | . . . Allies Corrupted . | . . . Allies Melted . | . . . Intel | -11 -10 -10 ------- Run | Scr Mat Min Robot Analysis Total 1 | . 1 . Derelict Logs Recovered 2 | . . 2 Drone Launches . | . . . Drone Recoveries . | . . . Exploration | -11 -10 -10 ------------- Run | Scr Mat Min Turns Passed 2958 | . 2060 898 Spaces Moved 1211 | 1 861 349 Core . | . . . Treads 1109 | . 765 344 Legs 97 | 1 96 . Wheels 5 | . . 5 Hover . | . . . Flight . | . . . Fastest Speed 120 | 120 120 135 Average Speed 219 | 120 211 239 Slowest Speed 240 | 120 240 240 Overloaded Moves . | . . . Propulsion Burnouts . | . . . Robots Hopped . | . . . Cave-ins Triggered . | . . . Exploration Rate (%) 56 | 2 93 73 Regions Visited 2 Branch Regions 1 Pre-discovered Areas 3 | . . 3 Known Exits Taken . | . . . Unknown Exits Taken 2 | 1 1 . Scrap Searched . | . . . Spaces Dug 5 | . 5 . Terrain Destroyed 68 | . 5 63 Melee . | . . . Projectile . | . . . AOE 68 | . 5 63 Terrain Rammed . | . . . Walls Destroyed . | . . . Machines Disabled . | . . . Actions | -11 -10 -10 --------- Run | Scr Mat Min Total 1403 | . 1012 391 Wait 40 | . 28 12 Move 1209 | . 860 349 Hop . | . . . Pick Up 37 | . 35 2 Fast Attach 2 | . 1 1 Attach 12 | . 4 8 Detach . | . . . Swap 11 | . 8 3 Drop 19 | . 16 3 Fire 61 | . 52 9 Melee . | . . . Ram . | . . . Kick . | . . . Crush 12 | . 8 4 Escape Stasis . | . . . Rewire . | . . . Trap . | . . . Miscellaneous . | . . . Route ------- -11/Scrapyard -10/Materials (discovered 4 exits: [*Mat x3] / *Min) -10/Mines (discovered 1 exit: [*Mat]) History --------- Turn | Location | Event 1 | -11/Scrapyard | Discovered new exit (range 0) 1 | -11/Scrapyard | Entered Materials 274 | -10/Materials | Discovered new exit (range 8) 305 | -10/Materials | Build established: Mutant 429 | -10/Materials | Discovered new exit (range 15) 640 | -10/Materials | Discovered new exit (range 3) 1435 | -10/Materials | Discovered new exit (range 3) 2061 | -10/Materials | Entered Mines 2062 | -10/Mines | Learned location of Storage (-9) 2781 | -10/Mines | Met a Derelict shopkeep closing up shop 2879 | -10/Mines | Discovered new exit (range 6) 2921 | -10/Mines | Assembled infested the area 2939 | -10/Mines | Core integrity fell below 50% 2949 | -10/Mines | Core integrity fell below 20% 2959 | -10/Mines | Destroyed by as-52429 with Assembled Rifle Last Messages --------------- 02933_ Destroyed Lgt. Nuclear Core. 02934_ The unstable cave ceiling collapses. 02936_ Imp. Treads destroyed. 02938_ Grenade Launcher destroyed. 02939_ The unstable cave ceiling collapses. 02940_ Grenade Launcher destroyed. 02940_ U-05 Engineer builds a Wall. 02944_ U-05 Engineer lays Concrete. 02946_ U-05 Engineer builds a Wall. 02947_ The unstable cave ceiling collapses. 02948_ D-53 Grenadier destroyed. 02949_ The unstable cave ceiling collapses. 02954_ Imp. Treads destroyed. 02954_ as-44561 destroyed. 02955_ ECM Suite destroyed. 02956_ The unstable cave ceiling collapses. 02956_ Arm. Wheel destroyed. 02956_ Grenade Launcher destroyed. 02956_ Lgt. Assault Rifle destroyed. 02957_ The unstable cave ceiling collapses. Map ----- +----------------------------------------------------+ | ??????????????????????????# #??###########???? | | ??????????????????????????## #??# #???? | | ???????????????????????????### #??# #???? | | ?????????????????????????????# #???# #????? | | ?????????????????????????????# ##### #????? | | ?????????????????????????????# ###??? | | ?????????????????????????????# ####### ##?? | | ?????????????????????????????# ??????## #?? | | ?????????????????????????????# ??###??## ### | | ?????????????????????????????# ??? ???# ###" | | ?????????????????????????????##???# #??## ##?#] | | ??????????????????????????????????# ##??## ##??## | | ?????????????????????????????????## ##??# ##????# | | ????????????????????????????????## #### ###??## | | ???????????????????????????????## #??# | | ???????????????????????????????# #??# | | ??????????????????????????????## """ ##### #### | | ???????????????????????????#### """ ##???# | | ??????????????????????????? """ ##????###### | | ?????????????????########## """ #??????????# | | ????????????????## ## # % ##?????????# | | ???????????????## # # < #?????????# | | ???????????????## ## #????????# | | ?????????######## d #?### #???????# | | ??????# a #????## #??????# | | ??????# @ ##??????# ##??????# | | ????????######## ##????????###???????## | | ???????????????## # #????????????????????? | | ????????????????## ###????????????????????? | | | | | | | | | | | | | | | | | | | | | | | | | | | | | | | | | | | | | | | | | | | +----------------------------------------------------+ Best States ------------- Heat Dissipation 25 Energy Generation 14 Energy Capacity 250 Matter Stores 300 Matter Capacity 300 Sight Range 16 Terrain Scan Density 10 ECM Strength 1 Evasion (%) 55 Recoil Reduction 2 Item Schematics ----------------- None Robot Schematics ------------------ None Fabricated ------------ Nothing Alien Tech Used ----------------- None Achievements -------------- None Challenges ------------ None Game ------ Seed SniperGuidanceGuard Manual? 0 Play Time 00:13:16 Cumulative 278.2 hours Start 2022.05.30 @ 21:29:41 End 2022.05.30 @ 21:42:23 Sessions 1 Manual Loads 0 Difficulty Rogue Special Mode None Game No. 366 Rogue 365 Adventurer 0 Explorer 1 Win Type - Total 6 Types 5/0/0/1/0/0/0/0/0 Lore% 68 Gallery% 79 Achievement% 58 Wizard Run 0 Options --------- ASCII 0 Keyboard 1 Movement Vi Keybinds 0 Fullscreen 1 Font 18/SmallcapsGlow Map View 76x50 Tactical HUD 1 Map Filters NONE Filters NONE Steam 1 RUN: 6297d04e-3e99-411f-8d73-dcad74c11590